 Dungeon Crawl Stone Soup version 0.20.1-1-g8b1a95d (webtiles) character file.

60 TheGuigne the Chopper (level 4, -4/35 HPs)
             Began as a Formicid Abyssal Knight on Aug 12, 2017.
             Was a Believer of Lugonu.
             Slain by a gnoll
             ... wielding a +0 spear
              (7 damage)
             ... on level 2 of the Dungeon.
             The game lasted 00:02:59 (1294 turns).

TheGuigne the Chopper (Formicid Abyssal Knight)     Turns: 1294, Time: 00:03:00

Health: -4/35      AC:  3    Str: 18    XL:     4   Next: 25%
Magic:  5/5        EV: 11    Int: 11    God:    Lugonu [**....]
Gold:   69         SH:  0    Dex: 10    Spells: 3/3 levels left

rFire    . . .     SeeInvis +   a - +1 hand axe
rCold    . . .     Gourm    .   (no shield)
rNeg     . . .     Faith    .   b - +0 leather armour
rPois    .         Spirit   .   (helmet unavailable)
rElec    .         Reflect  .   (no cloak)
rCorr    .         Harm     .   (no gloves)
MR       .....                  (no boots)
Stlth    +.........             (no amulet)
Regen    0.2/turn               (no ring)
MPRegen  0.1/turn               (no ring)

@: flying
A: permanent stasis, dig shafts and tunnels, four strong arms, antennae 3
a: Dig, Shaft Self, Depart the Abyss, Bend Space, Renounce Religion


You were on level 2 of the Dungeon.
You worshipped Lugonu.
Lugonu was pleased with you.
You were not hungry.

You visited 1 branch of the dungeon, and saw 2 of its levels.
You visited the Abyss 1 time.

You collected 69 gold pieces.

Inventory:

Hand Weapons
 a - a +1 hand axe (weapon)
 k - a +0 whip
Missiles
 h - 18 poisoned needles
Armour
 b - a +0 leather armour (worn)
Jewellery
 g - an uncursed ring of ice
Scrolls
 i - a scroll of fear {unknown}
 m - 2 scrolls of remove curse {unknown}
 n - a scroll of identify {unknown}
 o - a scroll of enchant weapon {unknown}
Potions
 j - a potion of haste {unknown}
Comestibles
 c - 2 bread rations
 d - 2 meat rations
 l - 2 royal jellies


   Skills:
 - Level 3.2 Fighting
 + Level 4.2 Axes
 - Level 2.1 Armour
 - Level 0.8 Dodging
 - Level 2.1 Invocations


You had 3 spell levels left.
You didn't know any spells.

Dungeon Overview and Level Annotations

Branches:
Dungeon (2/15)

Altars:


Innate Abilities, Weirdness & Mutations

You cannot be hasted, slowed, berserked, paralysed or teleported.
You can dig through walls and to a lower floor.
Your four strong arms can wield two-handed weapons with a shield.
You have a pair of large antennae on your head. (SInv)


Message History

The gnoll throws a tomahawk.
The tomahawk barely misses you.
You see here a tomahawk.
The gnoll hits you with a spear! The gnoll completely misses you.
You closely miss the gnoll.
The gnoll hits you but does no damage. x2
You barely miss the gnoll. The gnoll closely misses you.
The gnoll hits you from afar with a spear.
You hit the gnoll.
The gnoll is heavily wounded.
The gnoll barely misses you.
The gnoll hits you from afar with a spear.
The gnoll hits you with a spear!
* * * LOW HITPOINT WARNING * * *
You hit the gnoll.
The gnoll is severely wounded.
The gnoll misses you. The gnoll barely misses you.
It was a potion of flight.
You feel very buoyant.
You fly up into the air.
The gnoll hits you from afar with a spear!
You die...

######.## #. #.#
... ## #.# {#....
##'## ..#.
##...## #..
##..>..## #.##
##.......##
##.###.[.......#
#..@ggg........+
#..####.........#
#..# ##.......##
#.## ##.....## #
##...##
#........#
#.#.####.# #. .#
#. {#


You could see 3 gnolls.

Vanquished Creatures
  A gnoll (D:2)
  An adder (D:2)
  2 dart slugs (D:1)
  2 worms
  2 giant cockroaches (D:1)
  7 goblins
  3 hobgoblins
  A quokka (D:2)
  6 bats (D:1)
  3 frilled lizards
  4 kobolds
  A rat (D:1)
33 creatures vanquished.

Notes
Turn   | Place    | Note
-------+----------+-------------------------------------------
     0 | Abyss:1  | TheGuigne the Formicid Abyssal Knight began the quest for the Orb.
     0 | Abyss:1  | Reached XP level 1. HP: 18/18 MP: 2/2
    13 | D:1      | Escaped the Abyss
   103 | D:1      | Reached XP level 2. HP: 17/24 MP: 3/3
   299 | D:1      | Reached skill level 3 in Axes
   625 | D:1      | Reached XP level 3. HP: 27/29 MP: 4/4
   676 | D:1      | Reached ** piety under Lugonu
  1225 | D:2      | Reached skill level 4 in Axes
  1225 | D:2      | Reached XP level 4. HP: 23/35 MP: 5/5
  1294 | D:2      | Slain by a gnoll

Skill      XL: |  1  2  3 |
---------------+----------+-----
Axes           | 3 4 |  4.2
Fighting       | |  3.2
Armour         | |  2.1
Dodging        | |  0.8
Invocations    | |  2.1

Action                   |  1- 3 |  4- 6 || total
-------------------------+-------+-------++-------
Melee: Hand axe          |   105 |    11 ||   116
  Use: Potion            |       |     1 ||     1
  Eat: Chunk             |     1 |       ||     1
Armor: Leather armour    |    37 |     2 ||    39
Dodge: Dodged            |    68 |    10 ||    78
